 Dungeon Crawl Stone Soup version 0.32-a0-136-gc02482bde3 (webtiles) character file.

Game seed: 2647594150726531032

75955 jestert79 the Spry (level 16, -7/121 HPs)
             Began as a Djinni Hedge Wizard on Feb 9, 2024.
             Was a High Priest of Dithmenos.
             Engulfed by a cloud of freezing vapour (14 damage)
             ... on level 1 of the Swamp on Feb 10, 2024.
             The game lasted 02:14:46 (22237 turns).

jestert79 the Spry (Djinni Hedge Wizard)           Turns: 22237, Time: 02:14:47

Health: -7/121     AC:  9    Str: 12    XL:     16   Next: 0%
Gold:   888        EV: 18    Int: 24    God:    Dithmenos [*****.] SH:  5 Dex: 13

rFire   + + +        a - +10 dagger "Kyras" {vamp, Str+3}
rCold   . . .        h - +0 buckler
rNeg    . . .        B - +2 robe {Will+}
rPois   ∞            q - +1 helmet
rElec   +            A - +1 cloak
rCorr   +            D - +0 pair of gloves
SInv    +            (boots unavailable)
Will    ++...        s - amulet of regeneration
Stlth   ++++++       d - ring of Vemi Fou {rElec rCorr SInv Stlth+}
HPRegen 1.20/turn    X - ring "Fontizim" {rF+ rC+}
MPRegen 0.00/turn

%: infuse magic (-8 HP)
@: flying, wreathed by umbra
A: sickness immunity, fire resistance 2, cold vulnerability 1, float, innate
caster, HP casting, extra vitality 1
a: Renounce Religion, Shadow Step, Shadow Form


You were on level 1 of the Swamp.
You worshipped Dithmenos.
Dithmenos was extremely pleased with you.
You visited 5 branches of the dungeon, and saw 22 of its levels.
You visited 1 bazaar.
You also visited: Trove and Ice Cave.

You collected 2048 gold pieces.
You spent 1160 gold pieces at shops.

Inventory:

Hand Weapons
 a - the +10 dagger "Kyras" (weapon) {vamp, Str+3}
   (You found it on level 3 of the Lair of Beasts)

   Str+3:     It affects your strength (+3).
Missiles
 l - 2 throwing nets
 O - 7 curare-tipped darts
Armour
 h - a +0 buckler (worn)
 q - a +1 helmet (worn)
 A - a +1 cloak (worn)
 B - a +2 robe of willpower (worn)
 D - a +0 pair of gloves (worn)
Jewellery
 c - a ring of fire
 d - the ring of Vemi Fou (left hand) {rElec rCorr SInv Stlth+}
   (You found it in a treasure trove)

   [ring of see invisible]

   rElec:     It insulates you from electricity.
   SInv:      It lets you see invisible.
   rCorr:     It protects you from acid and corrosion.
   Stlth+:    It makes you more stealthy.
 s - an amulet of regeneration (around neck)
 F - a +6 ring of dexterity
 H - a ring of protection from cold
 I - the amulet of the Four Winds {rN+ Will+++ Clar}
   (You bought it in a shop in a bazaar)

   [amulet of nothing]

   rN+:       It protects you from negative energy.
   Will+++:   It greatly increases your willpower.
   Clar:      It protects you from confusion, rage, mesmerisation and fear.
 S - a +6 ring of intelligence
 T - a +5 ring of evasion
 U - a ring of fire
 V - the ring "Kewi" {^Contam rN+ Int+7 Slay+3}
   (You found it in a treasure trove)

   [ring of positive energy]

   Int+7:     It affects your intelligence (+7).
   Slay+3:    It affects your accuracy & damage with ranged weapons and melee
   (+3).
   rN+:       It protects you from negative energy.
   ^Contam:   It causes magical contamination when unequipped.
 W - a ring of protection from fire
 X - the ring "Fontizim" (right hand) {rF+ rC+}
   (You found it in a treasure trove)

   [ring of protection from fire]

   rF+:       It protects you from fire.
   rC+:       It protects you from cold.
 Y - a ring of willpower
 Z - the ring "Noneph" {Ice rN+}
   (You found it in a treasure trove)

   [ring of ice]

   Ice:       It enhances your ice magic.
   rF-:       It makes you vulnerable to fire.
   rC+:       It protects you from cold.
   rN+:       It protects you from negative energy.
Wands
 b - a wand of digging (5)
 k - a wand of iceblast (14)
 m - a wand of flame (34)
 t - a wand of paralysis (12)
 y - a wand of acid (17)
 J - a wand of polymorph (4)
Scrolls
 e - 6 scrolls of revelation
 g - a scroll of enchant armour
 j - 3 scrolls of vulnerability
 o - 5 scrolls of immolation
 p - 9 scrolls of teleportation
 C - a scroll of silence
 K - 4 scrolls of blinking
 R - 2 scrolls of fear
Potions
 f - 4 potions of lignification
 i - 3 potions of mutation
 n - a potion of brilliance
 r - a potion of cancellation {unknown}
 u - 5 potions of enlightenment
 v - 2 potions of ambrosia
 w - 4 potions of attraction
 x - 4 potions of haste
 z - 5 potions of heal wounds
 E - 4 potions of curing
 G - 2 potions of invisibility
 L - a potion of resistance
 N - 2 potions of might {unknown}
 P - 4 potions of berserk rage
Miscellaneous
 M - a box of beasts


   Skills:
 + Level 13.2 Fighting
 - Level 3.0(4.4) Short Blades
 - Level 5.0(5.4) Long Blades
 + Level 15.0 Dodging
 + Level 5.9 Stealth
 - Level 5.0 Shields
 + Level 12.8 Spellcasting
 + Level 12.8 Conjurations
 + Level 12.8 Hexes
 + Level 12.8 Summonings
 + Level 12.8 Necromancy
 + Level 12.8 Translocations
 + Level 12.8 Fire Magic
 + Level 12.8 Ice Magic
 + Level 12.8 Air Magic
 + Level 12.8 Earth Magic
 + Level 12.8 Alchemy
 - Level 6.0 Evocations


You knew the following spells:

 Your Spells              Type           Power      Damage    Failure   Level
a - Magic Dart            Conj           100%       1d8       1%          1
b - Slow                  Hex            100%       N/A       1%          1
c - Blink                 Tloc           100%       N/A       1%          2
d - Call Imp              Summ           100%       N/A       1%          2
e - Mephitic Cloud        Conj/Alch/Air  67%        N/A       1%          3
f - Shock                 Conj/Air       100%       1d9       1%          1
g - Static Discharge      Conj/Air       100%       3-8/arc   1%          2
h - Hailstorm             Conj/Ice       67%        3d12      1%          3
i - Olgreb's Toxic Radia  Alch           67%        N/A       1%          4
j - Fulminant Prism       Conj/Alch      33%        3d15      1%          4
k - Freezing Cloud        Conj/Ice/Air   33%        6-21      1%          5
l - Dispersal             Tloc           33%        N/A       4%          6
Your spell library was empty.

Dungeon Overview and Level Annotations

Branches:
Dungeon (13/15)            Temple (0/1) D:4            Lair (5/5) D:8
  Swamp (1/4) Lair:3       Spider (1/4) Lair:3        Slime (0/5) Lair:5
    Orc (2/2) D:11            Elf (0/3) Orc:2         IceCv (visited)
 Vaults: D:13-14

Altars:
Ashenzari
Cheibriados
Dithmenos
Elyvilon
Fedhas
Hepliaklqana
Makhleb
Nemelex Xobeh
Okawaru
Ru
Wu Jian
Zin
The Shining One
Jiyva
Lugonu

Shops:
Orc:2 (=*[

Portals:
Abyss: Lair:5

Annotations:
D:10 3 runed translucent doors, jfitz's ghost, journeyman HOFi
Spider:1 Nikola


Innate Abilities, Weirdness & Mutations

You are immune to sickness and miasma.
You are immune to poison.
Your flesh is very heat resistant. (rF++)
You are vulnerable to cold. (rC-)
You float through the air rather than walking.
You learn spells naturally, not from books.
Your magical power is your life essence.
You have superior vitality. (+4 MHP)


Message History

Aiming: Freezing Cloud (mildly dangerous; 1% risk of failure)
Press: ? - help, Dir - move target You are engulfed in freezing vapours.
The bunyip is engulfed in freezing vapours.
The bunyip howls a warning cry!
The bunyip is engulfed in freezing vapours.
Unknown command.
Casting: Freezing Cloud (mildly dangerous; 1% risk of failure)
Confirm with . or Enter, or press ? or * to list all spells.
Casting: Dispersal (dangerous; 4% risk of failure)
Press: ? - help, Dir - look around, f - activate The bunyip blinks!
You are engulfed in freezing vapours.
Unknown command.
Unknown command.
Aiming: Magic Dart (safe; 1% risk of failure)
Press: ? - help, Q - select action, (/) - cycle Shift-Dir - straight line, f - bunyip
Aim: a bunyip (heavily wounded, umbra, 100% to hit)
The magic dart hits the bunyip.
The bunyip is heavily wounded.
You are engulfed in freezing vapours.
Unknown command.
Casting: Magic Dart (safe; 1% risk of failure)
Confirm with . or Enter, or press ? or * to list all spells.
Aiming: Freezing Cloud (mildly dangerous; 1% risk of failure)
Press: ? - help, Dir - move target, p - bunyip You are engulfed in freezing vapours.
The bunyip is engulfed in freezing vapours.
The bunyip claws you!!
* * * LOW HITPOINT WARNING * * *
The bunyip claws you!!
* * * LOW HITPOINT WARNING * * *
The bunyip barely misses you.
Unknown command.
Unknown command.
Unknown command.
Unknown command.
You puncture the bunyip!
You feel better.
The bunyip is severely wounded.
You are engulfed in freezing vapours.
You die...

.~.~.~....~.....
....~...~..~...~ .
......§§§§~~..~
~....♣♣....§§§....~.
~~.~.......§.§..$~~.
♣♣~.~......#.#§§....♣.
♣.♣~.........§§§.....♣
...~.......§§§§§.#....
♣.~.~♣.....§§x@......~
♣..~.....#§§§§...#....♣
♣...~...[†...........♣
♣.♣~...#.†..........♣
♣♣...............~.
♣♣§....#.#.#....~.♣
♣~~.........?..>.~♣
♣~.~~.........~~~~♣
♣....~...†...~~~.♣♣


You could see a bunyip.

Vanquished Creatures
  Frances (Spider:1)
  Gastronok (Orc:1)
  A fenstrider witch (Swamp:1)
  Azrael (Spider:1)
  A bunyip (Swamp:1)
  2 hydras
  2 alligators (Swamp:1)
  A radroach (Spider:1)
  4 two-headed ogres
  14 death yaks
  Urug (Lair:1)
  A demonic crawler (Lair:3)
  3 orc high priests (Orc:2)
  3 thrashing horrors (Lair:5)
  3 skysharks
  2 pharaoh ants (Spider:1)
  Amaemon (D:9)
  An orb spider (Spider:1)
  A spriggan druid (Swamp:1)
  A sun moth (Spider:1)
  An orc knight (Orc:2)
  A bog body (Swamp:1)
  Pikel (D:6)
  3 large abominations (Lair:5)
  2 wolf spiders (Spider:1)
  14 ugly things
  4 orc sorcerers (Orc:2)
  A moth of wrath (Spider:1)
  4 black mambas
  18 elephants
  A smoke demon (Lair:5)
  A kobold blastminer (Orc:2)
  An orange demon (D:9)
  A gargoyle (D:10)
  6 cane toads
  A cane toad (shapeshifter) (Lair:5)
  An unseen horror (D:11)
  2 komodo dragons
  A guardian mummy (D:10)
  4 trolls
  A polar bear (Lair:2)
  Prince Ribbit (D:9)
  3 tyrant leeches
  2 hornets
  3 raiju (Lair:5)
  7 tarantellas (Spider:1)
  7 jumping spiders (Spider:1)
  11 blink frogs
  Sigmund (D:3)
  3 culicivoras (Spider:1)
  A ynoxinul (Lair:5)
  A spriggan (Lair:5)
  A spriggan (shapeshifter) (Lair:5)
  4 wyverns
  4 fire elementals (Spider:1)
  A wraith (D:11)
  2 shadows
  26 yaks
  A golden eye (shapeshifter) (Lair:5)
  2 vampire mosquitoes (Swamp:1)
  8 redbacks (Spider:1)
  6 basilisks
  A chaos spawn (Lair:5)
  3 swamp worms
  Menkaure (D:4)
  3 hell hounds (Spider:1)
  9 water moccasins
  18 orc warriors
  6 ogres
  11 small abominations (Lair:5)
  5 wolves (D:8)
  3 centaurs
  4 lemures (D:6)
  A phantom (D:6)
  A kobold brigand (D:10)
  Blork the orc (D:5)
  9 bullfrogs
  2 scorpions
  5 wights (D:6)
  9 killer bees
  6 howler monkeys
  4 electric eels
  6 hounds
  4 jellies
  25 orc priests
  Crazy Yiuf (D:4)
  Ijyb (D:3)
  Jessica (D:3)
  43 orc wizards
  2 sleepcaps
  2 iguanas (D:6)
  23 gnolls
  5 adders
  3 shadow imps
  4 ribbon worms
  A dart slug (D:2)
  83 orcs
  7 bats
  8 endoplasms
  3 giant cockroaches
  13 goblins
  12 hobgoblins
  19 jackals (D:4)
  13 kobolds
  4 quokkas
  9 ball pythons
  A frilled lizard (D:2)
  5 rats
  3 fulminant prisms
612 creatures vanquished.

Vanquished Creatures (collateral kills)
  A cane toad (Lair:1)
  2 blink frogs (Lair:1)
3 creatures vanquished.

Vanquished Creatures (others)
  2 ogres (Orc:2)
  An orc priest (Orc:2)
  An orc wizard (D:8)
  An orc (Orc:2)
  54 fulminant prisms
59 creatures vanquished.

Grand Total: 674 creatures vanquished

Notes
Turn   | Place    | Note
-------+----------+-------------------------------------------
     0 | D:1      | jestert79 the Djinni Hedge Wizard began the quest for the
                  | Orb.
     0 | D:1      | jestert79 set off with the following spells memorised:
                  | Magic Dart, Slow, Blink, Call Imp, Mephitic Cloud.
     0 | D:1      | Reached XP level 1. HP: 15/15 MP: 0/0
   148 | D:1      | Reached XP level 2. HP: 14/21 MP: 0/0
   781 | D:1      | Reached XP level 3. HP: 24/25 MP: 0/0
   781 | D:1      | Learned a level 1 spell: Shock
  1606 | D:2      | Reached XP level 4. HP: 29/31 MP: 0/0
  2269 | D:3      | Reached XP level 5. HP: 30/35 MP: 0/0
  2269 | D:3      | Learned a level 2 spell: Static Discharge
  2471 | D:3      | Found an ornate altar of the Wu Jian Council.
  2825 | D:3      | Found an iron altar of Okawaru.
  2905 | D:3      | Noticed Sigmund
  2918 | D:3      | Killed Sigmund
  2919 | D:3      | Reached skill level 5 in Spellcasting
  2919 | D:3      | Reached skill level 5 in Conjurations
  2919 | D:3      | Reached skill level 5 in Hexes
  2919 | D:3      | Reached skill level 5 in Summonings
  2919 | D:3      | Reached skill level 5 in Necromancy
  2919 | D:3      | Reached skill level 5 in Translocations
  2919 | D:3      | Reached skill level 5 in Fire Magic
  2919 | D:3      | Reached skill level 5 in Ice Magic
  2919 | D:3      | Reached skill level 5 in Air Magic
  2919 | D:3      | Reached skill level 5 in Earth Magic
  2919 | D:3      | Reached skill level 5 in Alchemy
  2919 | D:3      | Reached XP level 6. HP: 32/40 MP: 0/0
  2999 | D:3      | Found a shadowy altar of Dithmenos.
  3005 | D:3      | Noticed Ijyb
  3012 | D:3      | Noticed Jessica
  3019 | D:3      | Killed Ijyb
  3021 | D:3      | Reached XP level 7. HP: 27/45 MP: 0/0
  3021 | D:3      | Learned a level 3 spell: Hailstorm
  3031 | D:3      | Killed Jessica
  3034 | D:3      | Became a worshipper of Dithmenos the Shadowed
  3677 | D:4      | Reached skill level 3 in Dodging
  3762 | D:4      | Found a staircase to the Ecumenical Temple.
  3813 | D:4      | Found a runed translucent door.
  3814 | D:4      | Noticed Crazy Yiuf
  4007 | D:4      | Reached * piety under Dithmenos
  4109 | D:4      | Found a snail-covered altar of Cheibriados.
  4109 | D:4      | Found a sparkling altar of Nemelex Xobeh.
  4160 | D:4      | Reached skill level 4 in Dodging
  4272 | D:4      | Reached XP level 8. HP: 48/50 MP: 0/0
  4399 | D:4      | Found a hazy altar of Hepliaklqana.
  4419 | D:4      | Found a white marble altar of Elyvilon.
  4729 | D:4      | Reached ** piety under Dithmenos
  4773 | D:4      | Noticed Menkaure
  4782 | D:4      | Killed Menkaure
  4783 | D:4      | Reached skill level 1 in Fighting
  4783 | D:4      | Reached skill level 5 in Dodging
  5288 | D:4      | Killed Crazy Yiuf
  5344 | D:5      | Entered Level 5 of the Dungeon
  5401 | D:5      | Noticed Blork the orc
  5413 | D:5      | Killed Blork the orc
  5728 | D:5      | Reached skill level 6 in Dodging
  5741 | D:5      | Reached XP level 9. HP: 44/61 MP: 0/0
  5741 | D:5      | Learned a level 4 spell: Olgreb's Toxic Radiance
  6017 | D:5      | Found a sacrificial altar of Ru.
  6083 | D:5      | Found a blossoming altar of Fedhas.
  6587 | D:6      | Reached *** piety under Dithmenos
  6692 | D:6      | Noticed Pikel
  6708 | D:6      | Killed Pikel
  6709 | D:6      | Reached skill level 5 in Fighting
  6709 | D:6      | Reached skill level 7 in Dodging
  7206 | D:6      | Reached skill level 1 in Long Blades
  7232 | D:6      | Reached XP level 10. HP: 54/70 MP: 0/0
  7717 | D:7      | Reached skill level 8 in Dodging
  8641 | D:8      | Found a staircase to the Lair.
  9780 | D:9      | Noticed an orange demon
  9784 | D:9      | Noticed Amaemon
  9808 | Lair:1   | Entered Level 1 of the Lair of Beasts
  9888 | Lair:1   | Noticed a cane toad
  9921 | Lair:1   | HP: 1/73 [cane toad (21)]
  9923 | Lair:1   | Killed a cane toad
 10003 | Lair:1   | Reached **** piety under Dithmenos
 10132 | Lair:1   | Noticed a cane toad
 10136 | Lair:1   | Noticed Urug
 10223 | D:9      | Noticed Prince Ribbit
 10232 | D:9      | Killed Prince Ribbit
 10233 | D:9      | Reached skill level 9 in Dodging
 10267 | D:9      | Noticed a two-headed ogre
 10281 | D:9      | Killed a two-headed ogre
 10282 | D:9      | Reached XP level 11. HP: 55/79 MP: 0/0
 10282 | D:9      | Learned a level 4 spell: Fulminant Prism
 10375 | D:9      | Found a broken altar of Ashenzari.
 10379 | D:9      | Saw a vision of the Swamp and the Spider Nest.
 10379 | D:9      | Noticed an orb spider
 10379 | D:9      | Noticed a bunyip
 10379 | D:9      | Noticed an entropy weaver
 10379 | D:9      | Noticed an eight-headed hydra
 10379 | D:9      | Noticed a moth of wrath
 10380 | D:9      | Noticed a jorogumo
 10380 | D:9      | Noticed a bunyip
 10380 | D:9      | Noticed an eleionoma
 10381 | D:9      | Noticed an orb spider
 10381 | D:9      | Noticed a boulder beetle
 10381 | D:9      | Noticed a steelbarb worm
 10381 | D:9      | Noticed a ghost crab
 10382 | D:9      | Noticed an orb spider
 10389 | D:9      | Noticed a will-o-the-wisp
 10729 | D:9      | Identified the ring "Ociakk" {MP+9 Str+5}
 10738 | D:9      | Reached skill level 5 in Long Blades
 10742 | D:9      | Killed Amaemon
 10743 | D:9      | Reached skill level 10 in Dodging
 10892 | Lair:1   | Reached skill level 1 in Evocations
 10928 | Lair:1   | Killed Urug
 11529 | Lair:1   | Reached XP level 12. HP: 84/86 MP: 0/0
 11544 | Lair:1   | Reached ***** piety under Dithmenos
 11700 | Lair:2   | Noticed a four-headed hydra
 11718 | Lair:2   | Reached skill level 5 in Evocations
 11720 | Lair:2   | Killed a four-headed hydra
 11812 | Lair:2   | Reached skill level 10 in Spellcasting
 11812 | Lair:2   | Reached skill level 10 in Conjurations
 11812 | Lair:2   | Reached skill level 10 in Hexes
 11812 | Lair:2   | Reached skill level 10 in Summonings
 11812 | Lair:2   | Reached skill level 10 in Necromancy
 11812 | Lair:2   | Reached skill level 10 in Translocations
 11812 | Lair:2   | Reached skill level 10 in Fire Magic
 11812 | Lair:2   | Reached skill level 10 in Ice Magic
 11812 | Lair:2   | Reached skill level 10 in Air Magic
 11812 | Lair:2   | Reached skill level 10 in Earth Magic
 11812 | Lair:2   | Reached skill level 10 in Alchemy
 12305 | Lair:2   | Noticed a skyshark
 12319 | Lair:2   | Killed a skyshark
 12649 | Lair:3   | Reached skill level 11 in Dodging
 12779 | Lair:3   | You are sucked into a shaft and drop 1 floor!
 12881 | Lair:3   | Found a hole to the Spider Nest.
 12917 | Lair:3   | Reached XP level 13. HP: 83/94 MP: 0/0
 12917 | Lair:3   | Learned a level 5 spell: Freezing Cloud
 13139 | Lair:3   | Identified the +10 dagger "Kyras" {vamp, Str+3}
 13645 | Lair:3   | Found a staircase to the Swamp.
 13712 | Lair:4   | Reached skill level 1 in Short Blades
 14062 | Lair:4   | Reached skill level 10 in Fighting
 14113 | Lair:4   | Reached skill level 12 in Dodging
 14311 | Lair:5   | Entered Level 5 of the Lair of Beasts
 15203 | Lair:5   | Found a viscous altar of Jiyva.
 15203 | Lair:5   | Found a staircase to the Slime Pits.
 15776 | Lair:5   | Reached XP level 14. HP: 99/103 MP: 0/0
 16226 | Lair:5   | Reached skill level 13 in Dodging
 16445 | Lair:5   | Identified the ring "Qukaolax" {Wiz Will- Int+5}
 17075 | Lair:5   | Found a corrupted altar of Lugonu.
 17075 | Lair:5   | Found a one-way gate to the infinite horrors of the Abyss.
 17303 | D:10     | Entered Level 10 of the Dungeon
 17385 | D:10     | Found a burning altar of Makhleb.
 17389 | D:10     | Found a glowing silver altar of Zin.
 17389 | D:10     | Noticed an angel
 17389 | D:10     | Noticed a cacodemon
 17445 | D:10     | Reached ****** piety under Dithmenos
 17944 | D:10     | Found a runed translucent gate.
 17944 | D:10     | Found a runed translucent gate.
 17944 | D:10     | Found a runed translucent gate.
 17944 | D:10     | Noticed jfitz's ghost (journeyman HOFi)
 18044 | D:10     | Found a portal to a secret trove of treasure.
 18060 | Trove    | Entered a treasure trove
 18069 | Trove    | Identified the ring of Vemi Fou {rElec rCorr SInv Stlth+}
 18083 | Trove    | Identified the ring "Kewi" {^Contam rN+ Int+7 Slay+3}
 18088 | Trove    | Identified the ring "Fontizim" {rF+ rC+}
 18092 | Trove    | Identified the ring "Noneph" {Ice rN+}
 18236 | D:10     | Found a glowing golden altar of the Shining One.
 18423 | D:11     | Reached skill level 1 in Shields
 18483 | D:11     | You are sucked into a shaft and drop 2 floors!
 18511 | D:11     | Noticed Sonja
 18513 | D:11     | Sonja changed into Sonja the wyvern
 18513 | D:11     | Noticed Sonja
 18515 | D:11     | Killed Sonja the wyvern
 18743 | D:11     | Found a staircase to the Orcish Mines.
 19027 | Orc:1    | Entered Level 1 of the Orcish Mines
 19077 | Orc:1    | Noticed Gastronok
 19097 | Orc:1    | Killed Gastronok
 19270 | Orc:2    | Entered Level 2 of the Orcish Mines
 19365 | Orc:2    | Reached skill level 5 in Shields
 19424 | Orc:2    | Reached XP level 15. HP: 82/112 MP: 0/0
 19424 | Orc:2    | Learned a level 6 spell: Dispersal
 19445 | Orc:2    | Found a flickering gateway to a bazaar.
 19461 | Bazaar   | Entered a bazaar
 19461 | Bazaar   | Found Umulokit's Distillery.
 19461 | Bazaar   | Found Kushrea's Magic Scroll Shop.
 19461 | Bazaar   | Found Qedaigu's Jewellery Shop.
 19461 | Bazaar   | Found Senlema's Distillery.
 19464 | Bazaar   | Bought a potion of degeneration for 13 gold pieces
 19473 | Bazaar   | Bought a scroll of enchant armour for 120 gold pieces
 19477 | Bazaar   | Bought the amulet of the Four Winds {rN+ Will+++ Clar} for
                  | 667 gold pieces
 19477 | Bazaar   | Found the amulet of the Four Winds {rN+ Will+++ Clar}
 19489 | Bazaar   | Bought a potion of mutation for 96 gold pieces
 19489 | Bazaar   | Bought a potion of heal wounds for 60 gold pieces
 19489 | Bazaar   | Bought a potion of berserk rage for 60 gold pieces
 19493 | Bazaar   | Bought 3 scrolls of teleportation for 144 gold pieces
 19704 | Orc:2    | Found a staircase to the Elven Halls.
 19910 | Orc:2    | Reached skill level 14 in Dodging
 20362 | Orc:2    | Found Solyosm's Assorted Antiques.
 20362 | Orc:2    | Found Okafey's Weapon Boutique.
 20363 | Orc:2    | Found Qumpez's Jewellery Boutique.
 20367 | Orc:2    | Found Hiext's Armour Shop.
 20808 | Spider:1 | Entered Level 1 of the Spider Nest
 21214 | Spider:1 | Upgraded the game from 0.32-a0-132-g2d33c3cfaf to
                  | 0.32-a0-136-gc02482bde3
 21512 | Spider:1 | Noticed Nikola
 21524 | Spider:1 | Noticed Azrael
 21534 | Spider:1 | Reached skill level 5 in Stealth
 21534 | Spider:1 | Killed Azrael
 21574 | Spider:1 | Noticed Frances
 21592 | Spider:1 | Killed Frances
 21790 | Swamp:1  | Entered Level 1 of the Swamp
 21931 | Swamp:1  | Noticed a fenstrider witch
 21942 | Swamp:1  | Killed a fenstrider witch
 22093 | Swamp:1  | Reached skill level 15 in Dodging
 22096 | Swamp:1  | Found a glacial archway.
 22139 | IceCv    | Entered an ice cave
 22139 | IceCv    | Noticed a white very ugly thing
 22227 | Swamp:1  | Reached XP level 16. HP: 121/121 MP: 0/0
 22236 | Swamp:1  | HP: 2/121 [bunyip (32)]
 22237 | Swamp:1  | Engulfed by a cloud of freezing vapour

Illustrated notes

Levels and vault maps discovered:
D:1:      minmay_arrival_wavy_path, layout_loops_corners,
          minmay_misc_feat_ornament, serial_bayou_pond_b
D:2:      layout_basic
D:3:      layout_basic, okawaru_gym_becter, nicolae_dithmenos_shadow_blocks,
          lemuel_blue_sif_altar, pdpol_wu_jian_five_deadly_venoms,
          minmay_pentomino_pile, uniq_jessica, uniq_ijyb, uniq_sigmund
D:4:      lemuel_castle_with_subvaults [lemuel_castle_interior_carwin_2],
          layout_rooms, mainiacjoe_overflow_swirl,
          chequers_temple_overflow_statue_of_worship, minmay_temple_entry_tees,
          kennysheep_generic_room_8, uniq_crazy_yiuf_cottage, uniq_menkaure
D:5:      layout_basic, mainiacjoe_overflow_tiny_flanked,
          nicolae_ru_great_annihilating_truth, uniq_blork_the_orc
D:6:      layout_basic, uniq_pikel
D:7:      layout_gridville
D:8:      layout_layer_cave, erik_lair_island
D:9:      layout_basic, grunt_ashenzari_visionary
          [grunt_ashenzari_visionary_swamp, grunt_ashenzari_visionary_spider],
          uniq_prince_ribbit1, uniq_amaemon
D:10:     layout_basic, grunt_temple_overflow_order_and_chaos_2,
          mainiacjoe_overflow_alcove_2, nicolae_trove_entry_path_of_doom,
          gammafunk_ghost_necromancy, roderic_malta_cross
D:11:     layout_rooms, david_orc_5, uniq_sonja
D:12:     layout_gridville, chequers_decorated_corner, uniq_josephine,
          uniq_maurice
D:13:     hourglass_vault, layout_rooms, grunt_vaults_entry_fortified
Lair:1:   layout_cave_pods, uniq_urug
Lair:2:   layout_roguey
Lair:3:   layout_roguey, minmay_swamp_entry_worms, dummy_spider_entry,
          serial_bayou_shore_b
Lair:4:   layout_hall_layers, grunt_megastairs_2, serial_bayou_shore_a,
          infiniplex_staircase_pool_2, serial_bayou_shore_b
Lair:5:   hellmonk_lair_end_abyssal_woods, layout_loops_ring,
          dpeg_slime_entry_enclosed
Swamp:1:  nicolae_swamp_ascending_descending, layout_basic_swamp,
          portal_ice_cave_entry_ugly_swarm, evilmike_swamp_ruin_house_6
Spider:1: layout_cave_pods, drop_trap, uniq_azrael, uniq_nikola, uniq_frances
Orc:1:    layout_diamond_mine, mines2_lemuel, uniq_gastronok
Orc:2:    st_orc_mages, layout_diamond_mine, serial_shops, freezing_bzr

Skill      XL: |  1  2  3  4  5  6  7  8  9 10 11 12 13 14 15 |
---------------+----------------------------------------------+-----
Stealth        | 2 3 5 |  5.9
Spellcasting   | 4 5 6 7 8 9 10 11 12 | 12.8
Conjurations   | 4 5 6 7 8 9 10 11 12 | 12.8
Hexes          | 4 5 6 7 8 9 10 11 12 | 12.8
Summonings     | 4 5 6 7 8 9 10 11 12 | 12.8
Necromancy     | 4 5 6 7 8 9 10 11 12 | 12.8
Translocations | 4 5 6 7 8 9 10 11 12 | 12.8
Fire Magic     | 4 5 6 7 8 9 10 11 12 | 12.8
Ice Magic      | 4 5 6 7 8 9 10 11 12 | 12.8
Air Magic      | 4 5 6 7 8 9 10 11 12 | 12.8
Earth Magic    | 4 5 6 7 8 9 10 11 12 | 12.8
Alchemy        | 4 5 6 7 8 9 10 11 12 | 12.8
Dodging        | 4 6 7 9 10 11 12 13 15 | 15.0
Fighting       | 3 5 7 8 9 10 12 13 | 13.2
Long Blades    | 1 4 5 |  5.0
Evocations     | 4 6 |  6.0
Short Blades   | 3 |  3.0
Shields        | 5 |  5.0

Action                     |  1- 3 |  4- 6 |  7- 9 | 10-12 | 13-15 | 16-18 || total
---------------------------+-------+-------+-------+-------+-------+-------++-------
  Melee: Dagger            |    10 |    11 |   204 |       |   440 |     1 ||   666
         Punch             |     1 |       |    16 |    19 |    34 |       ||    70
         Falchion          |       |       |     6 |    95 |       |       ||   101
         Long sword        |       |       |       |    80 |     1 |       ||    81
   Cast: Magic Dart        |    71 |    64 |   113 |    41 |    39 |     1 ||   329
         Shock             |    10 |    26 |    14 |    21 |    14 |       ||    85
         Mephitic Cloud    |       |     6 |    39 |    44 |    56 |       ||   145
         Hailstorm         |       |       |    12 |    17 |     2 |       ||    31
         Olgreb's Toxic Ra |       |       |     6 |    36 |   103 |       ||   145
         Static Discharge  |       |       |     3 |    10 |     3 |       ||    16
         Call Imp          |       |       |     1 |     4 |     2 |       ||     7
         Slow              |       |       |       |     1 |     1 |       ||     2
         Fulminant Prism   |       |       |       |    35 |    22 |       ||    57
         Freezing Cloud    |       |       |       |       |   102 |     3 ||   105
         Dispersal         |       |       |       |       |     7 |     1 ||     8
         Blink             |       |       |       |       |     1 |       ||     1
  Evoke: Wand              |       |       |     2 |     6 |     8 |       ||    16
    Use: Scroll            |       |       |       |    21 |     8 |       ||    29
   Stab: Confused          |       |     1 |    14 |    17 |    27 |       ||    59
         Sleeping          |       |       |     1 |       |     1 |       ||     2
         Paralysed         |       |       |     3 |     1 |     2 |       ||     6
         Distracted        |       |       |     1 |       |       |       ||     1
 Armour: Robe              |    14 |    14 |    98 |   143 |   204 |     7 ||   480
  Dodge: Dodged            |    17 |    21 |   169 |   175 |   300 |     1 ||   683
  Block: Buckler           |       |       |       |       |    25 |       ||    25

Table legend: (Time is in decaauts)
 A = Elapsed time spent in this place.
 B = Non-inter-level travel time spent in this place.
 C = Inter-level travel time spent in this place.
 D = Time resting spent in this place.
 E = Time spent auto-exploring this place.
 F = Levels seen in this place.
 G = Mean time per level.
                   A        B        C        D        E       F      G
               +--------+--------+--------+--------+--------+-----+--------+
         Total |  22179 |  20941 |   1238 |   3632 |  10759 |  25 |  887.2 |
       Dungeon |  12302 |  11670 |    632 |   1567 |   7276 |  13 |  946.3 |
          Lair |   7228 |   6716 |    512 |   1534 |   2837 |   5 | 1445.6 |
         Swamp |    428 |    428 |      0 |    105 |     32 |   1 |  428.0 |
   Spider Nest |    599 |    550 |     49 |     98 |     42 |   1 |  599.0 |
  Orcish Mines |   1512 |   1468 |     44 |    328 |    572 |   2 |  756.0 |
        Bazaar |     44 |     44 |      0 |      0 |      0 |   1 |   44.0 |
         Trove |     58 |     58 |      0 |      0 |      0 |   1 |   58.0 |
      Ice Cave |      6 |      6 |      0 |      0 |      0 |   1 |    6.0 |
               +--------+--------+--------+--------+--------+-----+--------+

Top non-repeatable levels by time:
  Lair:5: 2556 daAuts
     D:4: 1870 daAuts
  Lair:3: 1658 daAuts
     D:8: 1418 daAuts
     D:3: 1388 daAuts
   Orc:2: 1257 daAuts
  Lair:1: 1257 daAuts
     D:1: 1191 daAuts
     D:7: 1062 daAuts
    D:10: 1052 daAuts
     D:5: 1008 daAuts
     D:2: 995 daAuts
     D:6: 974 daAuts
  Lair:4: 894 daAuts
  Lair:2: 861 daAuts
